 Dungeon Crawl Stone Soup version 0.20-a0-1122-gb7cbeb9 (webtiles) character file.

182 kuniqs the Ruffian (level 5, -5/53 HPs)
             Began as a Troll Fighter on May 11, 2017.
             Slain by a river rat (7 damage)
             ... summoned by Eustachio
             ... on level 4 of the Dungeon.
             The game lasted 00:03:21 (2391 turns).

kuniqs the Ruffian (Troll Fighter)                  Turns: 2391, Time: 00:03:22

Health: -5/53      AC:  6    Str: 24    XL:     5   Next: 35%
Magic:  4/4        EV:  8    Int:  4    God:
Gold:   139        SH:  9    Dex: 10    Spells: 4/4 levels left

rFire    + . .     SeeInvis .     - Unarmed
rCold    + + .     Gourm    +   b - +0 shield
rNeg     . . .     Faith    .   t - +1 robe {rC+}
rPois    +         Spirit   .   (helmet restricted)
rElec    +         Reflect  .   (no cloak)
rCorr    +         Harm     .   (gloves unavailable)
MR       .....                  (boots unavailable)
Stlth    ++........             (no amulet)
Regen    0.6/turn               g - ring of resist corrosion
MPRegen  0.1/turn               m - ring of stealth

@: resistant
A: unfitting armour, claws 3, fast metabolism 3, gourmand, regeneration 1,
shaggy fur 1, tough skin 2
a: no special abilities


You were on level 4 of the Dungeon.
You were very full.

You visited 1 branch of the dungeon, and saw 4 of its levels.

You collected 139 gold pieces.

Inventory:

Missiles
 p - a throwing net (quivered)
Armour
 b - a +0 shield (worn)
 t - a +1 robe of cold resistance (worn)
Jewellery
 g - a ring of resist corrosion (left claw)
 m - a ring of stealth (right claw)
Scrolls
 j - 2 scrolls of teleportation {unknown}
 q - 7 scrolls of identify {unknown}
 u - a scroll of remove curse {unknown}
Potions
 a - a potion of degeneration {unknown}
 c - a potion of might
 h - a potion of resistance
 l - a potion of agility {unknown}
 n - a potion of cancellation {unknown}
 r - a potion of flight {unknown}
 s - a potion of curing {unknown}
Comestibles
 d - 4 bread rations
 e - a meat ration
 f - 7 fruits
 k - a chunk of flesh
 o - a royal jelly


   Skills:
 + Level 3.4 Fighting
 - Level 2.4 Dodging
 + Level 3.5 Shields
 + Level 3.6 Unarmed Combat


You had 4 spell levels left.
You didn't know any spells.

Dungeon Overview and Level Annotations

Branches:
Dungeon (4/15)
 Temple: D:4-7

Altars:
Sif Muna

Annotations:
D:4 Eustachio


Innate Abilities, Weirdness & Mutations

You are too large for most types of armour.
You have claws for hands.
Your metabolism is lightning-fast.
You like to eat raw meat.
Your natural rate of healing is unusually fast.
You are covered in fur. (AC +1)
You have very tough skin. (AC +2)


Message History

The bat completely misses you.
You aren't carrying any items that you can evoke.
As you read the scroll labeled HOERIH DIWU, it crumbles to dust.
The creatures around you are filled with an inner flame!
It was a scroll of immolation.
You block the bat's attack. x2
The bat hits you but does no damage. You block the ufetubus's attack.
The ufetubus hits you but does no damage.
The quasit bites you but does no damage.
The quasit barely misses you.
The quasit claws you but does no damage.
The river rat barely misses you. The shadow imp hits you.
* * * LOW HITPOINT WARNING * * *
It was a potion of resistance.
You feel protected. The bat hits you but does no damage.
You block the ufetubus's attack. The ufetubus closely misses you.
The bat barely misses you.
The quasit bites you but does no damage.
The quasit claws you but does no damage.
You block the quasit's attack. The river rat bites you!
You die...

##.##### ####......#
#.# #<#...#.#.##### #.#
#.#.#.#.#.....#
#.#######.#.#.#...###.#
#.........# #.###.# #.#
########### #...#.# #.#
#...#.###.# #5b5....#.#
#r@##.#.#.# #5r##.#.#.#
#@b##.#.#.# ....#.#.#.#
.#####.#.#.# #. ..#.#.#
# ###.#.# #.#.###
#.#...#


You could see Eustachio (inner flame), a quasit, 2 river rats, a shadow imp, an
ufetubus and 2 bats.

Vanquished Creatures
  A bullfrog (D:3)
  Jessica (D:3)
  3 adders
  An adder skeleton (D:4)
  A worm (D:2)
  4 leopard geckos
  An orc (D:3)
  A ball python (D:2)
  4 giant cockroaches (D:1)
  6 goblins
  8 hobgoblins
  5 bats
  6 frilled lizards
  8 kobolds
  10 rats
60 creatures vanquished.

Notes
Turn   | Place    | Note
-------+----------+-------------------------------------------
     0 | D:1      | kuniqs the Troll Fighter began the quest for the Orb.
     0 | D:1      | Reached XP level 1. HP: 22/22 MP: 0/0
   137 | D:1      | Reached XP level 2. HP: 29/29 MP: 1/1
   729 | D:2      | Reached XP level 3. HP: 36/36 MP: 2/2
  1589 | D:3      | Found a faded altar of an unknown god.
  1600 | D:3      | Noticed a bullfrog
  1607 | D:3      | Killed a bullfrog
  1607 | D:3      | Reached XP level 4. HP: 40/45 MP: 3/3
  1763 | D:3      | Noticed Jessica
  1783 | D:3      | Killed Jessica
  1783 | D:3      | Reached XP level 5. HP: 53/53 MP: 4/4
  1911 | D:3      | Found a deep blue altar of Sif Muna.
  2361 | D:4      | Noticed Eustachio
  2390 | D:4      | HP: 1/53 [shadow imp[Eustachio] (5)]
  2391 | D:4      | Slain by a river rat

Vault maps used:
D:1:      minmay_arrival_cross, columned_hall_lemuel
D:2:      first_bread
D:3:      led_sif_pool, chequers_ecumenical_altar_island,
          guppyfry_early_lair_pool, uniq_jessica
D:4:      uniq_eustachio

Skill      XL: |  1  2  3 |
---------------+----------+-----
Shields        | 3 |  3.5
Unarmed Combat | 3 |  3.6
Fighting       | 3 |  3.4
Dodging        | |  2.4

Action                   |  1- 3 |  4- 6 || total
-------------------------+-------+-------++-------
Melee: Unarmed           |   101 |    77 ||   178
  Use: Scroll            |       |     1 ||     1
       Potion            |       |     1 ||     1
 Stab: Sleeping          |     4 |     3 ||     7
  Eat: Chunk             |    20 |     7 ||    27
Armor: Robe              |    19 |    46 ||    65
Dodge: Dodged            |    22 |    49 ||    71
Block: Shield            |    40 |    52 ||    92
